 Dungeon Crawl Stone Soup version 0.17.0-28-g6e173f8 (webtiles) character file.

91 Miyamura the Charmwright (level 4, -4/31 HPs)
             Began as a High Elf Skald on Nov 27, 2015.
             Was an Initiate of Kikubaaqudgha.
             Slain by a gnoll
             ... wielding a +4 spear
              (13 damage)
             ... on level 2 of the Dungeon.
             The game lasted 00:09:36 (1957 turns).

Miyamura the Charmwright (High Elf Skald)           Turns: 1957, Time: 00:09:36

Health: -4/31      AC:  4    Str: 11    XL:     4   Next: 34%
Magic:  7/9        EV: 15    Int: 17    God:    Kikubaaqudgha [......]
Gold:   101        SH:  0    Dex: 14    Spells: 3 memorised, 3 levels left

rFire  . . .     SeeInvis .     f - +2 short sword (elec)
rCold  . . .     Clarity  .     b - +0 leather armour
rNeg   . . .     SustAt   .     (no shield)
rPois  .         Gourm    .     j - +0 helmet
rElec  .         Spirit   .     (no cloak)
rCorr  .         Warding  .     (no gloves)
rMut   .         Stasis   .     (no boots)
MR     .....                    (no amulet)
Stlth  +.........               (no ring)
                                h - +3 ring of evasion

@: infused, not resistant to hostile enchantments, very unstealthy
A: no striking features
a: Renounce Religion


You were on level 2 of the Dungeon.
You worshipped Kikubaaqudgha.
Kikubaaqudgha was noncommittal.
You were not hungry.

You visited 1 branch of the dungeon, and saw 3 of its levels.

You collected 101 gold pieces.

Inventory:

Hand Weapons
 a - a +0 falchion
 f - a +2 short sword of electrocution (weapon)
Armour
 b - a +0 leather armour (worn)
 j - a +0 helmet (worn)
Jewellery
 h - a +3 ring of evasion (left hand)
Scrolls
 g - a scroll of blinking
 m - 2 scrolls of enchant weapon {unknown}
 n - a scroll of random uselessness {unknown}
 q - 2 scrolls of enchant armour
 r - 2 scrolls of magic mapping
 t - a scroll of teleportation {unknown}
 x - 2 scrolls of remove curse
 y - a scroll of identify
Potions
 e - a potion of heal wounds
 i - a potion of agility {unknown}
 k - 2 potions of ambrosia {unknown}
 l - a potion of invisibility
 o - a potion of haste {unknown}
 v - 2 potions of curing
 w - 2 potions of might {unknown}
 z - a potion of degeneration {unknown}
Books
 c - a book of Battle

   Spells                             Type                      Level
   a - Infusion                       Charms                       1
   b - Shroud of Golubria             Charms/Translocation         2
   c - Song of Slaying                Charms                       2
   d - Spectral Weapon                Hexes/Charms                 3
   e - Regeneration                   Charms/Necromancy            3
Comestibles
 d - a bread ration
 p - a beef jerky
 s - a chunk of flesh
 u - a meat ration


   Skills:
 + Level 3.0 Fighting
 + Level 3.3 Long Blades
 - Level 0.8 Armour
 + Level 2.1 Dodging
 + Level 3.1 Spellcasting
 + Level 4.1 Charms


You had 3 spell levels left.
You knew the following spells:

 Your Spells              Type           Power        Failure   Level  Hunger
i - Infusion              Chrm           ###...       6%          1    None
r - Regeneration          Chrm/Necr      #.........   34%         3    ###....
S - Shroud of Golubria    Chrm/Tloc      #.........   17%         2    ##.....


Dungeon Overview and Level Annotations

Branches:
Dungeon (3/15)

Altars:
Kikubaaqudgha
Nemelex Xobeh
Zin
The Shining One


Message History

There is a stone staircase leading up here.
The gnoll barely misses you. The gnoll hits you but does no damage.
The gnoll closely misses you.
There is a stone staircase leading up here.
The gnoll hits you with an enchanted spear!
You climb upwards.
There is a stone staircase leading down here.
Casting: Shroud of Golubria
Confirm with . or Enter, or press ? or * to list all spells.
You begin infusing your attacks with magical energy.
The gnoll hits you with an enchanted spear!
* * * LOW HITPOINT WARNING * * *
You hit the gnoll.
There is a sudden explosion of sparks!
The gnoll is severely wounded.
The gnoll drinks a potion.
The gnoll is healed!
You barely miss the gnoll. The gnoll closely misses you.
You closely miss the gnoll.
The gnoll hits you with an enchanted spear!
You die...
Kikubaaqudgha rasps: "You have failed me!
Welcome... death!"

#.# #..###..<### #.#..#
###.# ####.##.....# #....#
....#
#.......##.#########.##.##
#####
#.##.##...................
#.##..........###.##.##.##
#.##..........# #.##.##.#
#.##.##.......# #.##..#.#
#.##.##.......# #.###.#.#
##......(g@....#
#.###.#.##
#.....##....<..#
#........#
#.#########.####
#........# #.# #.....#
#.#.#.#..# #.# #.....#
#.#...#..# #.# #.....#
#.#..##..# ####.####
#.....# #.#..##..#
#.......# #)....#
#.......(# #.##.##.#
####### ####.#####


You could see a gnoll.

Vanquished Creatures
  2 gnolls (D:3)
  3 adders (D:2)
  A worm (D:2)
  6 bats
  7 giant cockroaches
  3 hobgoblins (D:1)
  6 jackals
  3 kobolds
  A giant newt (D:2)
  5 goblins
  8 rats
45 creatures vanquished.

Notes
Turn   | Place    | Note
--------------------------------------------------------------
     0 | D:1      | Miyamura the High Elf Skald began the quest for the Orb.
     0 | D:1      | Reached XP level 1. HP: 14/14 MP: 4/4
   358 | D:1      | Reached XP level 2. HP: 16/20 MP: 6/6
   422 | D:1      | Learned a level 2 spell: Shroud of Golubria
  1170 | D:2      | Reached XP level 3. HP: 25/25 MP: 8/8
  1219 | D:2      | Learned a level 3 spell: Regeneration
  1273 | D:2      | Reached skill level 4 in Charms
  1389 | D:2      | Found an ancient bone altar of Kikubaaqudgha.
  1389 | D:2      | Found a glowing golden altar of the Shining One.
  1389 | D:2      | Found a sparkling altar of Nemelex Xobeh.
  1398 | D:2      | Became a worshipper of Kikubaaqudgha
  1602 | D:2      | Found a glowing silver altar of Zin.
  1664 | D:2      | Reached XP level 4. HP: 30/30 MP: 9/9
  1957 | D:2      | Slain by a gnoll

Action                   |  1- 3 |  4- 6 || total
-------------------------+-------+-------++-------
Melee: Falchion          |    14 |       ||    14
       Short sword       |    96 |    15 ||   111
 Cast: Infusion          |     4 |     2 ||     6
       Regeneration      |     2 |       ||     2
       Shroud of Golubri |     1 |     1 ||     2
  Use: Scroll            |     5 |       ||     5
       Potion            |     1 |       ||     1
  Eat: Chunk             |     3 |     1 ||     4
